AoeStats
← cmd

Arena

508034843Analyzed
3v3 RM · 11d ago on Sep 20, 2026· 52m 53s· 6 players
Game mode
Random Map
Map size
Normal (6 player)
Population
200
Speed
Normal
Resources
Standard
Victory
Conquest
Starting age
Dark Age
Ending age
Imperial Age
RankedLock teamsTeams togetherTeam positionsShared explorationLock speedFull tech treeHidden civsTurbo modeCheats
Victory
Defeat
🇹🇷 Malay · Türkiye
981
+16
🇹🇷 Burgundians · Türkiye
932
+18
🇫🇷 Sicilians · France
906
+19
🇩🇪 Spanish · Germany
1023
-19
🇩🇪 Britons · Germany
1006
-19
🇩🇪 Goths · Germany
914
-15
Leone_Price
10:20 Feudal Age
10:08 Loom
10:44 Horse Collar
10:50 Double-Bit Axe
22:25 Castle Age
21:30 Forging
21:29 Arson
21:50 Scale Mail Armor
21:58 Gold Mining
22:19 Stone Mining
23:45 Pikeman
25:28 Bow Saw
27:34 Squires
29:47 Heavy Plow
32:00 Caravan
32:26 Chain Mail Armor
32:48 Iron Casting
32:19 Town Watch
33:37 Wheelbarrow
34:34 Stone Shaft Mining
39:05 Imperial Age
38:15 Gold Shaft Mining
38:23 Hand Cart
38:15 Town Patrol
39:43 Murder Holes
39:12 Elite Serjeant
39:14 Halberdier
40:21 Conscription
41:15 Blast Furnace
40:54 Plate Mail Armor
39:59 Capped Ram
40:57 Masonry
41:27 Crop Rotation
41:03 Siege Ram
41:50 Siege Ram
Captaionisot
1:19 Loom
10:50 Feudal Age
11:26 Wheelbarrow
11:03 Double-Bit Axe
12:19 Wheelbarrow
18:19 Castle Age
17:55 Pikeman
22:03 Elite Skirmisher
32:25 Bow Saw
33:48 Gold Mining
35:06 Stone Mining
35:52 Gold Shaft Mining
36:48 Fletching
36:58 Padded Archer Armor
38:22 Hand Cart
40:11 Stone Shaft Mining
40:54 Leather Archer Armor
41:46 Ballistics
45:27 Imperial Age
45:40 Horse Collar
45:49 Elite Battle Elephant
48:36 Heavy Plow
eerc
10:07 Feudal Age
15:03 Castle Age
14:33 Double-Bit Axe
14:33 Horse Collar
16:54 Heavy Plow
17:48 Bow Saw
21:41 Gold Mining
21:43 Stone Mining
24:28 Scale Barding Armor
24:56 Crop Rotation
25:51 Chain Barding Armor
25:16 Cavalier
25:56 Husbandry
26:21 Husbandry
29:47 Two-Man Saw
29:24 Wheelbarrow
28:35 Loom
29:50 Gold Shaft Mining
32:12 Imperial Age
30:37 Wheelbarrow
30:01 Elite Skirmisher
31:25 Forging
32:17 Fletching
34:21 Bodkin Arrow
34:49 Ballistics
35:30 Chemistry
34:47 Hand Cart
35:10 Stone Shaft Mining
35:15 Plate Barding Armor
36:12 Bracer
38:03 Paladin
40:13 Padded Archer Armor
40:49 Iron Casting
40:27 Treadmill Crane
47:34 Leather Archer Armor
48:19 Blast Furnace
50:11 Light Cavalry
helo
11:42 Feudal Age
13:14 Double-Bit Axe
16:31 Castle Age
16:48 Crossbowman
17:30 Gold Mining
17:33 Fletching
18:29 Bodkin Arrow
19:47 Wheelbarrow
21:57 Double-Bit Axe
23:44 Ballistics
24:43 Pikeman
31:41 Padded Archer Armor
31:25 Horse Collar
35:45 Imperial Age
36:11 Squires
35:57 Gambesons
36:16 Arbalester
40:52 Bow Saw
41:45 Chemistry
40:36 Heated Shot
40:44 Murder Holes
50:04 Bracer
50:20 Leather Archer Armor
noname
12:36 Feudal Age
16:15 Castle Age
14:33 Loom
15:57 Double-Bit Axe
15:58 Horse Collar
18:15 Fletching
19:10 Wheelbarrow
20:54 Town Watch
21:30 Bow Saw
22:10 Heavy Plow
26:31 Fervor
26:42 Sanctity
26:52 Husbandry
27:06 Bloodlines
27:00 Padded Archer Armor
28:30 Redemption
28:46 Leather Archer Armor
30:34 Hand Cart
30:04 Town Watch
31:10 Husbandry
35:10 Imperial Age
34:16 Inquisition
36:45 Block Printing
36:59 Illumination
38:33 Gold Mining
38:33 Stone Mining
39:46 Two-Man Saw
38:59 Onager
40:50 Ring Archer Armor
40:16 Bodkin Arrow
42:54 Theocracy
41:47 Elite Conquistador
42:50 Conscription
42:52 Supremacy
43:08 Hoardings
cmd
11:42 Loom
13:28 Feudal Age
17:15 Castle Age
15:55 Double-Bit Axe
15:54 Horse Collar
16:19 Gold Mining
19:25 Squires
20:02 Bow Saw
19:45 Stone Mining
20:08 Heavy Plow
22:21 Stone Shaft Mining
24:23 Pikeman
25:41 Forging
25:31 Scale Mail Armor
30:13 Iron Casting
29:59 Fletching
30:25 Chain Mail Armor
33:08 Wheelbarrow
32:51 Anarchy
37:03 Imperial Age
34:49 Hand Cart
38:09 Perfusion
39:23 Conscription
38:25 Elite Huskarl
41:15 Blast Furnace
41:57 Halberdier
Connection lost

Rejoining the realm…

Still unreachable

The connection could not be restored.

Session expired

The server has moved on; the page needs a fresh start.